Map: Proxima Station LE

Players

Lacronimus

  • Race: Protoss Protoss
  • League: Silver
  • Spawn Location: 7:00

micDE - Winner!

  • Race: Protoss Protoss
  • League: Diamond
  • Spawn Location: 1:00

VOD

Have the link to the VOD?

Description

Time

  • Played on: Jan. 22, 2017, 4:24 p.m.
  • Length: 13:56
Show
View Real Time Build Order
Export as new Build Order

Lacronimus Protoss 

Build Orders:  

Get SALT Encoding   

  12  0:02  Probe (Chrono Boost)  
  13  0:12  Probe (Chrono Boost)  
  14  0:18  Pylon  
  14  0:23  Probe (Chrono Boost)  
  15  0:37  Gateway  
  15  0:40  Probe (Chrono Boost)  
  16  0:45  Assimilator  
  16  1:01  Probe (Chrono Boost)  
  17  1:11  Gateway, Probe (Chrono Boost)  
  17  1:14  Assimilator  
  18  1:22  Probe (Chrono Boost)  
  19  1:31  Cybernetics Core  
  20  1:32  Probe (Chrono Boost)  
  21  1:54  Probe (Chrono Boost)  
  21  2:00  Warp Gate  
  21  2:12  Probe (Chrono Boost)  
  22  2:28  Pylon  
  22  2:46  Adept x2  
  22  2:49  Mothership Core (Chrono Boost)  
  28  2:52  Twilight Council  
  28  3:02  Robotics Facility  
  28  3:09  Probe (Chrono Boost)  
  30  3:21  Probe (Chrono Boost)  
  30  3:23  Nexus  
  30  3:25  Resonating Glaives  
  30  3:33  Probe (Chrono Boost)  
  31  3:36  Pylon  
  31  3:55  Observer  
  33  3:56  Probe (Chrono Boost)  
  33  3:57  Pylon  
  33  4:08  Probe (Chrono Boost)  
  34  4:16  Gateway  
  34  4:18  Gateway  
  34  4:20  Probe (Chrono Boost)  
  35  4:37  Probe (Chrono Boost)  
  35  4:38  Probe (Chrono Boost)  
  37  4:39  Stalker  
  39  4:47  Probe (Chrono Boost)  
  39  4:50  Probe (Chrono Boost), Robotics Bay  
  41  4:58  Probe (Chrono Boost)  
  42  5:02  Probe (Chrono Boost)  
  43  5:07  Adept  
  43  5:08  Probe (Chrono Boost), Adept  
  43  5:14  Adept  
  50  5:16  Adept  
  52  5:22  Probe (Chrono Boost)  
  52  5:24  Probe (Chrono Boost)  
  54  5:31  Assimilator  
  54  5:33  Probe (Chrono Boost), Assimilator  
  56  5:36  Probe (Chrono Boost)  
  56  5:42  Zealot x2  
  57  5:43  Zealot  
  61  5:52  Pylon  
  61  5:57  Pylon  
  62  6:05  Probe (Chrono Boost)  
  62  6:09  Colossus  
  62  6:10  Probe (Chrono Boost)  
  69  6:16  Adept  
  69  6:17  Probe (Chrono Boost), Adept x2  
  76  6:20  Probe (Chrono Boost)  
  77  6:35  Probe (Chrono Boost)  
  78  6:46  Pylon  
  78  6:48  Pylon  
  78  6:55  Nexus  
  78  6:57  Probe (Chrono Boost)  
  78  7:05  Probe (Chrono Boost)  
  78  7:07  Probe (Chrono Boost), Adept  
  78  7:08  Adept x3  
  88  7:45  Adept x2  
  88  7:46  Adept x2  
  86  8:14  Adept x4  
  86  8:18  Probe (Chrono Boost)  
  92  8:20  Immortal, Probe (Chrono Boost)  
  88  8:29  Probe (Chrono Boost)  
  88  8:32  Dark Shrine, Probe (Chrono Boost)  
  86  8:39  Probe (Chrono Boost)  
  86  8:40  Adept x4  
  95  8:44  Probe (Chrono Boost)  
  95  8:48  Extended Thermal Lance  
  96  8:49  Gateway  
  96  8:50  Probe (Chrono Boost)  
  96  8:52  Gateway  
  96  8:54  Gateway  
  97  8:56  Gateway  
  97  9:00  Observer  
  97  9:01  Forge  
  98  9:07  Adept x4  
  106  9:17  Probe (Chrono Boost)  
  108  9:18  Probe (Chrono Boost)  
  108  9:23  Assimilator  
  108  9:26  Assimilator  
  108  9:27  Probe (Chrono Boost)  
  109  9:33  Protoss Ground Weapons Level 1  
  109  9:41  Pylon  
  109  9:43  Pylon  
  109  9:45  Pylon  
  110  10:00  Dark Templar x3  
  110  10:01  Probe (Chrono Boost), Dark Templar  
  118  10:10  Pylon  
  118  10:11  Pylon, Dark Templar  
  118  10:12  Dark Templar x3  
  118  10:13  Probe (Chrono Boost)  
  127  10:15  Pylon  
  127  10:17  Pylon  
  127  10:26  Probe (Chrono Boost)  
  127  10:27  Probe (Chrono Boost)  
  129  10:31  Immortal  
  133  10:37  Probe (Chrono Boost)  
  133  10:39  Probe (Chrono Boost)  
  135  10:46  Templar Archives  
  135  11:11  Nexus  
  127  11:26  Adept  
  127  11:27  Adept x6  
  127  11:28  Adept  
  143  11:37  Probe (Chrono Boost)  
  143  11:38  Probe (Chrono Boost)  
  145  11:47  Probe (Chrono Boost)  
  145  11:50  Probe (Chrono Boost)  
  145  11:51  High Templar x3  
  145  11:52  High Templar x5  
  163  12:00  Archon x3  
  162  12:02  Archon  
  90  12:25  Zealot x2  
  90  12:26  Zealot x6  
  94  12:31  Probe x2 (Chrono Boost)  
  94  12:33  Probe (Chrono Boost)  
  72  12:42  Probe x2 (Chrono Boost)  
  50  12:45  Probe (Chrono Boost)  
  46  12:53  Zealot x3  
  46  12:54  Zealot x5  
  42  13:15  Zealot x6  
  42  13:16  Zealot x2  
  39  13:37  Dark Templar x6  
  39  13:38  Dark Templar  
Show
View Real Time Build Order
Export as new Build Order

micDE Protoss - Winner!

Build Orders: 1 Gate Expand, Zealot Archon 

Get SALT Encoding   

  12  0:02  Probe (Chrono Boost)  
  13  0:13  Probe (Chrono Boost)  
  14  0:20  Pylon  
  14  0:23  Probe (Chrono Boost)  
  15  0:38  Probe (Chrono Boost)  
  15  0:39  Gateway  
  16  0:49  Probe (Chrono Boost)  
  17  0:50  Assimilator  
  17  0:59  Probe (Chrono Boost)  
  18  1:10  Probe (Chrono Boost)  
  19  1:24  Nexus  
  19  1:30  Probe (Chrono Boost)  
  20  1:41  Probe (Chrono Boost)  
  20  1:42  Cybernetics Core  
  21  1:49  Assimilator  
  21  1:51  Probe (Chrono Boost)  
  22  1:58  Pylon  
  22  2:03  Probe (Chrono Boost)  
  23  2:17  Probe (Chrono Boost)  
  23  2:19  Twilight Council, Adept  
  24  2:26  Warp Gate  
  26  2:33  Probe (Chrono Boost)  
  27  2:37  Pylon  
  29  2:47  Mothership Core (Chrono Boost), Adept  
  31  2:52  Resonating Glaives  
  31  2:57  Probe (Chrono Boost)  
  33  3:06  Probe (Chrono Boost)  
  34  3:13  Probe (Chrono Boost)  
  34  3:18  Probe (Chrono Boost)  
  35  3:23  Probe (Chrono Boost)  
  35  3:30  Gateway  
  35  3:31  Gateway, Probe (Chrono Boost)  
  36  3:36  Probe (Chrono Boost)  
  36  3:39  Adept  
  39  3:46  Probe (Chrono Boost)  
  40  3:50  Probe (Chrono Boost)  
  41  3:58  Probe (Chrono Boost)  
  41  4:00  Probe (Chrono Boost)  
  43  4:04  Pylon  
  44  4:10  Probe (Chrono Boost)  
  44  4:11  Probe (Chrono Boost)  
  45  4:17  Assimilator  
  45  4:19  Assimilator  
  45  4:23  Probe (Chrono Boost)  
  46  4:24  Probe (Chrono Boost)  
  46  4:29  Adept x3  
  53  4:36  Pylon  
  53  4:43  Probe x2 (Chrono Boost)  
  55  4:47  Robotics Facility  
  55  4:50  Adept x3  
  62  5:00  Probe x2 (Chrono Boost)  
  62  5:04  Pylon  
  63  5:10  Probe x2 (Chrono Boost)  
  65  5:16  Adept x2  
  65  5:21  Probe (Chrono Boost)  
  70  5:22  Probe (Chrono Boost)  
  70  5:25  Pylon  
  70  5:26  Adept  
  73  5:31  Probe (Chrono Boost)  
  72  5:36  Probe (Chrono Boost)  
  72  5:39  Immortal  
  68  5:43  Probe (Chrono Boost)  
  68  5:45  Sentry x2  
  66  5:51  Probe (Chrono Boost)  
  67  6:05  Nexus, Adept  
  67  6:07  Pylon  
  67  6:08  Probe (Chrono Boost)  
  67  6:10  Probe (Chrono Boost)  
  71  6:13  Adept x2  
  71  6:14  Immortal  
  75  6:19  Pylon, Probe (Chrono Boost)  
  75  6:22  Probe (Chrono Boost)  
  81  6:29  Probe (Chrono Boost)  
  81  6:32  Pylon  
  83  6:33  Sentry x3  
  83  6:34  Probe (Chrono Boost)  
  89  6:43  Templar Archives  
  89  6:46  Probe (Chrono Boost)  
  91  6:48  Probe (Chrono Boost)  
  91  6:51  Immortal  
  91  6:56  Pylon  
  91  6:57  Probe (Chrono Boost)  
  91  6:59  Adept x2  
  91  7:00  Probe (Chrono Boost)  
  101  7:05  Adept  
  103  7:10  Probe (Chrono Boost)  
  103  7:12  Probe (Chrono Boost)  
  105  7:18  Probe (Chrono Boost)  
  106  7:28  Gateway  
  106  7:29  High Templar x2  
  110  7:30  Gateway  
  110  7:32  Gateway  
  110  7:33  Assimilator  
  110  7:34  Archon  
  110  7:37  Assimilator  
  110  7:38  High Templar  
  110  7:39  Probe (Chrono Boost)  
  110  7:41  Probe (Chrono Boost)  
  107  7:54  Immortal  
  107  7:56  Pylon  
  104  8:02  High Templar x2  
  108  8:11  Archon  
  108  8:14  Probe (Chrono Boost)  
  108  8:15  Probe (Chrono Boost)  
  109  8:24  Probe (Chrono Boost)  
  109  8:25  Probe (Chrono Boost)  
  108  8:27  Probe (Chrono Boost)  
  108  8:28  Adept  
  110  8:35  Probe (Chrono Boost)  
  110  8:38  Adept  
  110  8:40  Adept  
  115  8:43  Probe (Chrono Boost)  
  115  8:44  Probe (Chrono Boost)  
  115  8:45  Probe (Chrono Boost)  
  118  8:54  Probe x2 (Chrono Boost)  
  120  9:00  Probe (Chrono Boost)  
  121  9:04  Probe (Chrono Boost)  
  121  9:05  Probe (Chrono Boost), High Templar x4  
  121  9:06  High Templar  
  121  9:09  Archon x2  
  133  9:11  Pylon  
  133  9:14  Pylon  
  133  9:16  Pylon  
  133  9:17  Pylon  
  133  9:21  Pylon  
  133  9:38  Immortal, Forge  
  137  9:39  Pylon  
  137  9:40  Forge  
  137  9:41  Pylon  
  137  9:46  Probe (Chrono Boost)  
  137  9:47  Probe x2 (Chrono Boost)  
  137  9:49  Nexus  
  137  9:50  High Templar x4  
  137  9:51  High Templar  
  150  9:54  Archon x2  
  150  9:56  Archon  
  150  9:57  Adept, Protoss Ground Weapons Level 1  
  150  9:59  Protoss Ground Armor Level 1  
  152  10:02  Probe x2 (Chrono Boost)  
  152  10:03  Probe (Chrono Boost)  
  155  10:09  Assimilator  
  155  10:12  Gateway  
  155  10:13  Probe (Chrono Boost)  
  158  10:14  Gateway, Probe x2 (Chrono Boost)  
  158  10:16  Gateway  
  158  10:17  Psionic Storm  
  158  10:25  Probe (Chrono Boost)  
  158  10:26  Probe x2 (Chrono Boost)  
  163  10:30  Stalker  
  163  10:31  Stalker x5  
  175  10:42  Probe x3 (Chrono Boost)  
  178  10:45  Pylon  
  178  10:49  Observer  
  173  10:56  High Templar  
  173  10:57  High Templar  
  177  11:07  Zealot x4, Observer  
  168  11:26  Observer  
  169  11:34  Protoss Ground Weapons Level 2  
  169  11:36  Gateway, Assimilator  
  169  11:37  Probe (Chrono Boost)  
  169  11:38  Gateway, Probe x2 (Chrono Boost)  
  169  11:39  Gateway, Probe (Chrono Boost)  
  173  11:40  Zealot x6  
  173  11:41  Zealot x3  
  173  11:44  Gateway  
  191  11:48  Observer  
  191  11:49  Gateway  
  191  11:51  Gateway x2  
  188  12:07  Observer  
  159  12:22  Stalker x2  
  131  12:23  Stalker x6  
  131  12:24  Stalker  
  131  12:47  Adept x6  
  131  12:48  Adept x3  
  149  12:59  Probe (Chrono Boost)  
  149  13:00  Probe x3 (Chrono Boost)  
  151  13:36  Adept x2  
  151  13:37  Adept x6  
  151  13:38  Adept x6  
Tags
 
Add a new tag
Caveats
  • Supply blocks, unpowered buildings, or Contaminate may cause inaccurate times.
  • Supply counts are checked every 10 seconds.